 Dungeon Crawl Stone Soup version 0.30-a0-920-g7493c07aab (webtiles) character file.

Game seed: 9161260819240935497

3228 jasper the Cutter (level 9, 0/48 HPs)
             Began as a Vine Stalker Chaos Knight on Mar 21, 2023.
             Was a Follower of Uskayaw.
             Slain by a spriggan
             ... wielding a +0 trident
              (9 damage)
             ... in a bailey.
             The game lasted 00:11:43 (4428 turns).

jasper the Cutter (Vine Stalker Chaos Knight)       Turns: 4428, Time: 00:11:44

Health: 0/48       AC:  7    Str: 13    XL:     9   Next: 98%
Magic:  0/13       EV: 13    Int: 20    God:    Uskayaw [*.....]
Gold:   291        SH:  0    Dex: 14    Spells: 8/8 levels left

rFire   . . .      SeeInvis +    A - +0 rapier (elec)
rCold   + . .      Faith    .    (no shield)
rNeg    . . .      Spirit   +    b - +3 leather armour
rPois   +          Reflect  .    (helmet restricted)
rElec   +          Rampage  .    (no cloak)
rCorr   +          Rnd*Tele +    (no gloves)
Will    ++...                    j - +0 pair of boots
Stlth   ++                       (no amulet)
HPRegen 1.08/turn                x - ring of poison resistance
MPRegen 0.13/turn                E - ring of resist corrosion

@: no status effects
A: fangs 3, regeneration 1, magic shield, antimagic bite, no potion heal 2,
antennae 1, hooves 1, see invisible, clever 2, clumsy 1, cold resistance 1,
strong-willed 1, electricity resistance, teleportitis 1
a: Renounce Religion, Stomp


You were in a bailey.
You worshipped Uskayaw.
Uskayaw was noncommittal.
You visited 2 branches of the dungeon, and saw 8 of its levels.
You also visited: Bailey.

You collected 291 gold pieces.

Inventory:

Hand Weapons
 a - a +0 short sword of chaos
 n - a +0 dagger of venom
 y - the +7 staff of the Meek {protect, meekguard}
   (You found it on level 3 of the Dungeon)
 A - a +0 rapier of electrocution (weapon)
 K - a +4 spear of chaos
Missiles
 s - 2 javelins
 C - 2 throwing nets
Armour
 b - a +3 leather armour (worn)
 d - a +0 helmet
 j - a +0 pair of boots (worn)
 v - a +0 pair of boots
Jewellery
 f - a ring of flight
 p - a ring of magical power
 x - a ring of poison resistance (left hand)
 z - a ring of willpower
 E - a ring of resist corrosion (right hand)
 G - a ring of willpower
Scrolls
 e - 6 scrolls of enchant armour
 i - a scroll of fear
 o - a scroll of noise
 q - a scroll of teleportation
 u - a scroll of amnesia
 F - 2 scrolls of identify
 I - a scroll of immolation
Potions
 g - a potion of haste
 h - a potion of might
 k - 2 potions of flight
 l - a potion of invisibility {unknown}
 m - a potion of lignification {unknown}
 r - 2 potions of heal wounds {unknown}
 t - a potion of degeneration {unknown}
 w - 2 potions of magic {unknown}
 B - a potion of cancellation {unknown}
 D - 2 potions of curing {unknown}
 H - a potion of mutation {unknown}
 J - a potion of attraction {unknown}
Miscellaneous
 c - a piece from Xom's chessboard (4/15) (quivered)


   Skills:
 + Level 5.8 Fighting
 * Level 7.7 Short Blades
 + Level 4.8 Armour
 + Level 4.5 Dodging
 + Level 4.2 Stealth
 + Level 4.3 Invocations


You had 8 spell levels left.
You didn't know any spells.
Your spell library contained the following spells:

 Spells                   Type           Power      Damage    Failure   Level
 Beastly Appendage        Tmut           0%         N/A       24%         1
 Static Discharge         Conj/Air       0%         2-2/arc   34%         2
 Wereblood                Tmut           0%         N/A       34%         2
 Ozocubu's Armour         Ice            0%         N/A       56%         3
 Spider Form              Tmut/Pois      0%         N/A       56%         3
 Vhi's Electric Charge    Tloc/Air       0%         N/A       56%         3
 Arcjolt                  Conj/Air       0%         1d10      100%        5
 Metabolic Englaciation   Hex/Ice        0%         N/A       100%        5
 Plasma Beam              Fire/Air       0%         2x1d11    100%        5
 Simulacrum               Ice/Necr       0%         N/A       100%        6


Dungeon Overview and Level Annotations

Branches:
Dungeon (7/15)             Temple (1/1) D:4          Bailey (1/1)

Altars:
Ashenzari
Cheibriados
Dithmenos
Elyvilon
Fedhas
Gozag
Hepliaklqana
Trog
Uskayaw
Vehumet
Yredelemnul
Zin
The Shining One

Annotations:
D:4 Menkaure
D:5 3 runed translucent doors, AverageBear's ghost, novice OpFi; Firecrotchwizard's ghost, novice HOMo; baller8008's ghost, novice OpTm; pigah's ghost, novice OpWn


Innate Abilities, Weirdness & Mutations

You have razor-sharp teeth.
Your natural rate of healing is unusually fast.
When hurt, damage is shared between your health and your magic reserves.
Your bite disrupts and absorbs the magic of your enemies.
Potions cannot restore your health.
You have a pair of small antennae on your head.
You have large cloven feet.
You have supernaturally acute eyesight. (SInv)
Your mind is very acute. (Int +8, Str/Dex -2)
You are clumsy. (Dex -2)
Your flesh is cold resistant. (rC+)
You are strong-willed. (Will+)
You are resistant to electric shocks. (rElec)
You are occasionally teleported next to monsters.


Message History

The ogre shouts!
An ogre comes into view. It is wielding a +0 halberd.
A spriggan comes into view. It is wielding a +0 trident.
The ogre misses you.
The ogre hits you from afar with a +0 halberd!
You take 10 damage, and have 38/48 hp.
MASSIVE DAMAGE!!
You now have 10/13 mp.
You hit the ogre. You bite the ogre. You drain its power.
You feel invigorated.
The ogre is lightly wounded.
The spriggan hits you with a +0 trident!!
The ogre hits you with a +0 glaive!
You take 19 damage, and have 19/48 hp.
MASSIVE DAMAGE!!
You now have 5/13 mp.
You hit the ogre. You punch the ogre.
The ogre is lightly wounded.
The spriggan hits you with a +0 trident!
* * * LOW HITPOINT WARNING * * *
The ogre hits you from afar with a +0 halberd!
* * * LOW HITPOINT WARNING * * *
You take 14 damage, and have 5/48 hp.
MASSIVE DAMAGE!!
You now have 2/13 mp.
Okay, then.
As you read the scroll of fear, it crumbles to dust.
You assume a fearsome visage.
The ogre looks frightened! x2
The spriggan looks frightened!
The spriggan begs for mercy.
An ogre comes into view. It is wielding a +0 glaive.
The ogre shouts!
The ogre gives up.
Cornered, the spriggan turns to fight!
You feel strangely unstable.
You are yanked towards some nearby monsters!
Your surroundings seem slightly different.
The ogre barely misses you.
The spriggan hits you with a +0 trident!
* * * LOW HITPOINT WARNING * * *
You take 4 damage, and have 5/48 hp.
You now have 0/13 mp.
You miss the spriggan. Your bite misses the spriggan.
The spriggan closely misses you. The ogre barely misses you.
The ogre seems to regain its courage.
The spriggan barely misses you. The spriggan misses you.
The spriggan hits you from afar with a +0 trident!
You die...

#########
##.@.O...## ###
##....i....#
##.##
##..#######O.#
##...## ##..#♣
..# #.....#
##..## .O#
##.....###..♣#{
..
#...∩..~~~..# .
#......~~~..#
#......~~~..#


You could see 2 ogres and a spriggan.

Vanquished Creatures
  Pikel (D:5)
  Joseph (D:7)
  A hornet (D:7)
  Edmund (D:5)
  2 water moccasins
  An ice beast (D:7)
  2 sky beasts
  2 orc warriors
  2 ogres (D:6)
  3 centaurs
  A lemure (D:5)
  3 bullfrogs
  2 scorpions
  3 killer bees (D:5)
  5 orc priests
  5 hounds
  A jelly (D:5)
  A sleepcap (D:6)
  2 iguanas (D:6)
  15 adders
  2 white imps (D:7)
  4 dart slugs
  24 orcs
  6 bats
  8 endoplasms
  4 giant cockroaches
  11 goblins
  10 hobgoblins
  6 jackals
  7 kobolds
  A quokka (D:4)
  3 ball pythons
  A frilled lizard (D:1)
  5 rats
146 creatures vanquished.

Vanquished Creatures (others)
  12 fungi (D:6)
12 creatures vanquished.

Grand Total: 158 creatures vanquished

Notes
Turn   | Place    | Note
-------+----------+-------------------------------------------
     0 | D:1      | jasper the Vine Stalker Chaos Knight began the quest for
                  | the Orb.
     0 | D:1      | Reached XP level 1. HP: 11/11 MP: 2/2
    91 | D:1      | XOM: potion effect (haste)
    99 | D:1      | Reached skill level 1 in Dodging
    99 | D:1      | Reached XP level 2. HP: 8/16 MP: 3/3
   214 | D:1      | Reached skill level 3 in Short Blades
   252 | D:1      | XOM: silly message
   330 | D:1      | Found a faded altar of an unknown god.
   414 | D:1      | Reached XP level 3. HP: 19/19 MP: 4/4
  1027 | D:2      | Gained mutation: Your natural rate of healing is unusually
                  | fast. [Vine Stalker growth]
  1027 | D:2      | Reached XP level 4. HP: 24/24 MP: 5/5
  1222 | D:2      | XOM: 2-stop teleportation journey
  1341 | D:2      | XOM: give mutations
  1341 | D:2      | Gained mutation: You have supernaturally acute eyesight.
                  | (SInv) [Xom's grace]
  1341 | D:2      | Gained mutation: Your flesh is cold resistant. (rC+) [Xom's
                  | grace]
  1341 | D:2      | Gained mutation: Your mind is acute. (Int +4, Str/Dex -1)
                  | [Xom's grace]
  1341 | D:2      | Gained mutation: You have large cloven feet. [Xom's grace]
  1583 | D:3      | XOM: god gift: scroll of enchant armour
  1631 | D:3      | Reached XP level 5. HP: 28/28 MP: 6/6
  1652 | D:3      | XOM: god gift: scroll labelled WUATUI VUMEFF {god gift}
  2183 | D:3      | Found the +7 staff of the Meek {protect, meekguard}
  2482 | D:4      | Reached skill level 4 in Short Blades
  2490 | D:4      | Noticed a water moccasin
  2493 | D:4      | XOM: chaos cloud
  2503 | D:4      | Killed a water moccasin
  2504 | D:4      | Reached XP level 6. HP: 32/33 MP: 7/7
  2577 | D:4      | Noticed Menkaure
  2589 | D:4      | XOM: polymorph hobgoblin -> gnoll
  2593 | D:4      | XOM: 1-stop teleportation journey
  2600 | D:4      | Found a staircase to the Ecumenical Temple.
  2600 | D:4      | XOM: 1-stop teleportation journey
  2619 | Temple   | Entered the Ecumenical Temple
  2620 | Temple   | XOM: give mutations
  2620 | Temple   | Gained mutation: You have a pair of small antennae on your
                  | head. [Xom's mischief]
  2620 | Temple   | Gained mutation: You have a pair of antennae on your head.
                  | [Xom's mischief]
  2620 | Temple   | Gained mutation: You are somewhat resistant to further
                  | mutation. [Xom's mischief]
  2621 | Temple   | XOM: 4-stop teleportation journey
  2629 | Temple   | XOM: give mutations
  2629 | Temple   | Lost mutation: You are somewhat resistant to further
                  | mutation. [Xom's mischief]
  2629 | Temple   | Gained mutation: You are resistant to electric shocks.
                  | (rElec) [Xom's mischief]
  2643 | Temple   | Fell from the grace of Xom
  2643 | Temple   | Became a worshipper of Uskayaw the Reveller
  2678 | D:5      | Entered Level 5 of the Dungeon
  2688 | D:5      | Noticed a water moccasin
  2695 | D:5      | Reached * piety under Uskayaw
  2703 | D:5      | Killed a water moccasin
  2704 | D:5      | Reached XP level 7. HP: 25/37 MP: 8/8
  2731 | D:5      | Reached ** piety under Uskayaw
  2733 | D:5      | Reached skill level 5 in Short Blades
  2752 | D:5      | Reached skill level 1 in Invocations
  2914 | D:5      | Found a runed translucent gate.
  2915 | D:5      | Found a runed translucent gate.
  2916 | D:5      | Found a runed translucent gate.
  2917 | D:5      | Noticed pigah's ghost (novice OpWn)
  2917 | D:5      | Noticed Firecrotchwizard's ghost (novice HOMo)
  2917 | D:5      | Noticed baller8008's ghost (novice OpTm)
  2917 | D:5      | Noticed AverageBear's ghost (novice OpFi)
  2949 | D:5      | Found a radiant altar of Vehumet.
  2981 | D:5      | Found a glowing golden altar of the Shining One.
  2981 | D:5      | Found a white marble altar of Elyvilon.
  2986 | D:5      | Found a glowing silver altar of Zin.
  3007 | D:5      | XOM: give mutations
  3007 | D:5      | Gained mutation: You have hidden genetic potential. [Xom's
                  | mischief]
  3007 | D:5      | Lost mutation: You have a pair of antennae on your head.
                  | [Xom's mischief]
  3007 | D:5      | Gained mutation: You are clumsy. (Dex -2) [Xom's mischief]
  3007 | D:5      | Gained mutation: You are occasionally teleported next to
                  | monsters. [Xom's mischief]
  3262 | D:5      | Noticed Pikel
  3322 | D:5      | Reached *** piety under Uskayaw
  3325 | D:5      | Killed Pikel
  3326 | D:5      | Reached skill level 6 in Short Blades
  3326 | D:5      | Gained mutation: You have razor-sharp teeth. [Vine Stalker
                  | growth]
  3326 | D:5      | Reached XP level 8. HP: 39/42 MP: 11/11
  3343 | D:5      | Gained mutation: You are strong-willed. (Will+) [hidden
                  | potential]
  3456 | D:5      | Noticed Edmund
  3482 | D:5      | Killed Edmund
  3599 | D:5      | Reached skill level 1 in Stealth
  3827 | D:6      | Reached **** piety under Uskayaw
  3828 | D:6      | Reached skill level 5 in Fighting
  3829 | D:6      | Reached XP level 9. HP: 40/47 MP: 9/12
  3840 | D:6      | Reached ***** piety under Uskayaw
  3900 | D:6      | Noticed a boulder beetle
  4051 | D:6      | Gained mutation: Your mind is very acute. (Int +8, Str/Dex
                  | -2) [hidden potential]
  4051 | D:6      | Lost mutation: You have hidden genetic potential. [hidden
                  | potential expressed]
  4059 | D:7      | Noticed a hornet
  4064 | D:7      | Paralysed by a hornet for 1 turns
  4132 | D:6      | Reached skill level 7 in Short Blades
  4142 | D:6      | HP: 2/47 [orc/+0 club (3)]
  4218 | D:7      | Killed a hornet
  4258 | D:7      | XOM: 5-stop teleportation journey
  4264 | D:7      | Noticed Joseph
  4278 | D:7      | Killed Joseph
  4351 | D:7      | Found a flagged portal.
  4357 | D:7      | XOM: chaos upgrade
  4390 | Bailey   | Entered a bailey
  4428 | Bailey   | Slain by a spriggan

Illustrated notes

Levels and vault maps discovered:
D:1:      dpeg_arrival_solitude, layout_basic,
          shapermc_ecumenical_altar_acropolis, minmay_quantized
D:2:      kennysheep_six_static_rooms, layout_basic
D:3:      minmay_octagon_keep, layout_loops_cross, minmay_misc_feat_columns,
          feat_on_display
D:4:      layout_cave_pools, minmay_temple_entry_proselytizer, sigmund_army,
          uniq_menkaure, uniq_crazy_yiuf_cottage, uniq_sigmund
D:5:      layout_basic, dreamdust_divine_triumvirate,
          mainiacjoe_overflow_alcove_2, gammafunk_ghost_cemetery, uniq_pikel,
          uniq_edmund
D:6:      layout_layer_cave, mainiacjoe_overflow_cross_hatched, minmay_bent
D:7:      layout_layer_cave, minitemple, enter_bailey_5, uniq_joseph
Temple:   nicolae_temple_cloud_nine
Bailey:   bailey_polearm_enchanted_keep_hellmonk, bailey

Skill      XL: |  1  2  3  4  5  6  7  8  9 |
---------------+----------------------------+-----
Dodging        | 1 2 3 4 |  4.5
Short Blades   | 3 4 6 7 |  7.7
Fighting       | 3 4 5 |  5.8
Armour         | 2 3 4 |  4.8
Invocations    | 2 3 4 |  4.3
Stealth        | 2 4 |  4.2

Action                     |  1- 3 |  4- 6 |  7- 9 || total
---------------------------+-------+-------+-------++-------
  Melee: Short sword       |    86 |    11 |       ||    97
         Bite              |    20 |    32 |    99 ||   151
         Dagger            |       |   131 |   178 ||   309
         Kick              |       |    10 |       ||    10
         Punch             |       |     1 |     7 ||     8
         Rapier            |       |       |   109 ||   109
  Throw: Javelin           |       |       |     2 ||     2
  Evoke: Piece from Xom's  |       |    18 |     9 ||    27
    Use: Scroll            |     5 |     1 |     9 ||    15
         Potion            |       |       |     2 ||     2
   Stab: Sleeping          |     1 |       |       ||     1
         Confused          |       |     1 |       ||     1
         Petrified         |       |     1 |       ||     1
         Paralysed         |       |       |     9 ||     9
 Armour: Leather armour    |    41 |    58 |    83 ||   182
  Dodge: Dodged            |    53 |    85 |   206 ||   344

Table legend: (Time is in decaauts)
 A = Elapsed time spent in this place.
 B = Non-inter-level travel time spent in this place.
 C = Inter-level travel time spent in this place.
 D = Time resting spent in this place.
 E = Time spent auto-exploring this place.
 F = Levels seen in this place.
 G = Mean time per level.
                   A        B        C        D        E       F      G
               +--------+--------+--------+--------+--------+-----+--------+
         Total |   4316 |   4140 |    176 |     86 |   2807 |   9 |  479.6 |
       Dungeon |   4242 |   4072 |    170 |     84 |   2783 |   7 |  606.0 |
        Temple |     31 |     25 |      6 |      2 |      0 |   1 |   31.0 |
        Bailey |     42 |     42 |      0 |      0 |     24 |   1 |   42.0 |
               +--------+--------+--------+--------+--------+-----+--------+

Top non-repeatable levels by time:
     D:5: 1089 daAuts
     D:3: 868 daAuts
     D:1: 828 daAuts
     D:2: 693 daAuts
     D:6: 338 daAuts
     D:7: 227 daAuts
     D:4: 197 daAuts
  Bailey: 42 daAuts
  Temple: 31 daAuts
